[ AOE2 MATCH · #506321898 ]
UnrankedHindustanis vs Ethiopians
Player's team · WIN
Rival team · LOSS
[ REPLAY ANALYSIS · EXTRACTED FROM THE RECORDED GAME ]
Feudal
9:27
Castle
24:32
Imperial
40:58
| APM avg | 40.1 |
| APM peak | 88 |
| eAPM avg | 19.7 |
| Villagers / military | 132 / 163 |
Focus
⚔️ 34.0% · 🌾 66.0%
Ghulam ×115 · Scout Cavalry ×32 · Trebuchet (Packed) ×11 · Mangonel ×2 · Armored Elephant ×2 · Monk ×1
Feudal
12:15
Castle
20:35
Imperial
35:45
| APM avg | 49.0 |
| APM peak | 108 |
| eAPM avg | 25.5 |
| Villagers / military | 136 / 150 |
Focus
⚔️ 47.8% · 🌾 52.2%
Archer ×64 · Shotel Warrior ×48 · Knight ×20 · Scout Cavalry ×11 · Spearman ×5 · Mangonel ×1
Match map
Initial resources + every placement click. Lines = walls · curves = elevation contours. ◆ gold · ⬟ stone · ● berries · ✦ relic · ◌ wall gap
Your base· Open — opponent sealed themselves in
赤いドラゴン's base· ✓ Closed at 20:35 · 49t walls · no gate
Smoothed initial terrain · ◌ = detected wall gap · hover for details
Inputs per minute
— Couch Dog - - 赤いドラゴン
Build order — Couch Dog
First 150 of 462 actions detected
| 0:01 | Queue | Villager (Male) ×4 |
| 0:02 | Build | House |
| 0:05 | Build | House |
| 1:15 | Queue | Villager (Male) |
| 1:15 | Queue | Villager (Male) |
| 1:37 | Queue | Villager (Male) |
| 1:37 | Queue | Villager (Male) |
| 1:51 | Build | Lumber Camp |
| 2:03 | Queue | Villager (Male) |
| 2:04 | Queue | Villager (Male) |
| 2:20 | Queue | Villager (Male) |
| 2:20 | Queue | Villager (Male) |
| 2:51 | Queue | Villager (Male) |
| 2:52 | Queue | Villager (Male) |
| 3:05 | Queue | Villager (Male) |
| 3:06 | Queue | Villager (Male) |
| 3:47 | Queue | Villager (Male) |
| 4:09 | Queue | Villager (Male) |
| 4:16 | Build | House |
| 4:17 | Build | House |
| 4:42 | Queue | Villager (Male) |
| 5:08 | Build | Mill |
| 5:28 | Queue | Villager (Male) |
| 5:29 | Queue | Villager (Male) |
| 6:02 | Build | Mill |
| 6:04 | Queue | Villager (Male) |
| 6:39 | Research | Loom |
| 7:17 | Research | Feudal Age |
| 7:39 | Build | Barracks |
| 9:02 | Queue | Villager (Male) |
| 9:27 | Age | Feudal Age |
| 9:31 | Build | Stable |
| 9:40 | Research | Double-Bit Axe |
| 9:45 | Queue | Villager (Male) |
| 9:45 | Queue | Villager (Male) |
| 9:50 | Build | House |
| 10:05 | Queue | Villager (Male) |
| 10:17 | Queue | Scout Cavalry |
| 10:30 | Build | House |
| 10:33 | Build | Palisade Wall |
| 10:42 | Queue | Scout Cavalry |
| 10:43 | Queue | Villager (Male) |
| 10:59 | Queue | Scout Cavalry |
| 11:06 | Queue | Villager (Male) |
| 11:21 | Build | Blacksmith |
| 11:33 | Queue | Scout Cavalry |
| 11:48 | Queue | Scout Cavalry |
| 11:52 | Build | House |
| 11:55 | Build | House |
| 11:57 | Build | Palisade Wall |
| 11:58 | Build | Palisade Wall |
| 12:00 | Queue | Villager (Male) |
| 12:14 | Queue | Villager (Male) |
| 12:18 | Build | Mining Camp |
| 12:34 | Build | Watch Tower |
| 12:42 | Research | Forging |
| 12:43 | Queue | Villager (Male) |
| 12:47 | Research | Horse Collar |
| 13:18 | Queue | Scout Cavalry |
| 13:23 | Queue | Villager (Male) |
| 13:43 | Queue | Villager (Male) |
| 13:45 | Research | Scale Barding Armor |
| 13:58 | Build | Farm |
| 14:00 | Build | Farm |
| 14:16 | Queue | Villager (Male) |
| 14:19 | Build | Farm |
| 14:19 | Build | Farm |
| 14:24 | Build | Farm |
| 14:45 | Queue | Villager (Male) |
| 14:49 | Build | Farm |
| 15:03 | Build | Farm |
| 15:13 | Queue | Villager (Male) |
| 15:16 | Build | Farm |
| 15:37 | Build | Mill |
| 15:41 | Queue | Villager (Male) |
| 15:59 | Queue | Villager (Male) |
| 16:20 | Queue | Scout Cavalry |
| 16:21 | Queue | Villager (Male) |
| 16:37 | Build | Farm |
| 16:38 | Build | Farm |
| 16:39 | Build | Farm |
| 16:40 | Build | Farm |
| 16:51 | Queue | Villager (Male) |
| 16:57 | Build | House |
| 16:58 | Build | House |
| 17:02 | Build | Palisade Gate |
| 17:04 | Build | House |
| 17:07 | Build | House |
| 17:23 | Queue | Scout Cavalry |
| 17:24 | Queue | Villager (Male) |
| 17:28 | Build | Farm |
| 17:37 | Research | Wheelbarrow |
| 17:51 | Build | Watch Tower |
| 17:54 | Queue | Scout Cavalry |
| 17:55 | Queue | Villager (Male) |
| 18:23 | Research | Town Watch |
| 18:47 | Build | Palisade Wall |
| 18:48 | Build | Palisade Wall |
| 19:31 | Queue | Villager (Male) |
| 19:33 | Build | Mining Camp |
| 19:42 | Build | Mining Camp |
| 19:51 | Build | Mill |
| 19:57 | Queue | Villager (Male) |
| 20:20 | Queue | Villager (Male) |
| 20:27 | Build | Mill |
| 20:54 | Queue | Villager (Male) |
| 21:04 | Research | Bloodlines |
| 21:17 | Build | Palisade Gate |
| 21:19 | Build | Palisade Wall |
| 21:20 | Build | Palisade Wall |
| 21:21 | Build | Palisade Wall |
| 21:27 | Queue | Villager (Male) |
| 21:31 | Research | Castle Age |
| 21:35 | Build | House |
| 21:37 | Build | Palisade Gate |
| 21:39 | Build | House |
| 21:40 | Build | House |
| 22:34 | Build | Mining Camp |
| 22:39 | Build | Mining Camp |
| 23:06 | Build | Watch Tower |
| 23:32 | Research | Fletching |
| 23:53 | Research | Scale Mail Armor |
| 24:02 | Research | Bloodlines |
| 24:32 | Age | Castle Age |
| 24:36 | Queue | Villager (Male) |
| 24:46 | Build | Castle |
| 24:53 | Build | Mining Camp |
| 24:54 | Research | Chain Mail Armor |
| 24:56 | Research | Squires |
| 24:56 | Queue | Villager (Male) |
| 25:22 | Queue | Villager (Male) |
| 25:41 | Queue | Villager (Male) |
| 25:45 | Build | Gate |
| 25:46 | Build | Stone Wall |
| 25:48 | Queue | Villager (Male) |
| 26:00 | Build | Lumber Camp |
| 26:04 | Queue | Villager (Male) |
| 26:09 | Build | Siege Workshop |
| 26:12 | Queue | Ghulam |
| 26:14 | Queue | Ghulam |
| 26:36 | Queue | Ghulam |
| 26:37 | Queue | Ghulam |
| 26:38 | Queue | Villager (Male) |
| 26:39 | Queue | Mangonel |
| 26:44 | Build | Lumber Camp |
| 26:53 | Build | Lumber Camp |
| 26:55 | Queue | Villager (Male) |
| 26:57 | Research | Bow Saw |
| 27:08 | Queue | Ghulam |
| 27:19 | Queue | Ghulam |
Build order — 赤いドラゴン
First 150 of 514 actions detected
| 0:02 | Queue | Villager (Male) |
| 0:02 | Queue | Villager (Male) |
| 0:03 | Build | House |
| 0:04 | Build | House |
| 0:31 | Queue | Villager (Male) |
| 0:56 | Queue | Villager (Male) |
| 1:26 | Queue | Villager (Male) |
| 2:03 | Queue | Villager (Male) |
| 2:20 | Queue | Villager (Male) |
| 2:24 | Build | Lumber Camp |
| 2:41 | Queue | Villager (Male) |
| 3:20 | Queue | Villager (Male) |
| 3:33 | Queue | Villager (Male) |
| 4:04 | Build | House |
| 4:08 | Queue | Villager (Male) |
| 4:32 | Build | House |
| 4:35 | Queue | Villager (Male) |
| 4:51 | Queue | Villager (Male) |
| 5:06 | Build | Palisade Wall |
| 5:16 | Queue | Villager (Male) |
| 5:52 | Queue | Villager (Male) |
| 6:13 | Queue | Villager (Male) |
| 6:36 | Queue | Villager (Male) |
| 6:39 | Build | House |
| 6:42 | Build | Palisade Wall |
| 6:44 | Build | Palisade Wall |
| 6:49 | Build | Mill |
| 6:54 | Queue | Villager (Male) |
| 7:06 | Queue | Villager (Male) |
| 7:53 | Queue | Villager (Male) |
| 8:03 | Build | Palisade Wall |
| 8:22 | Queue | Villager (Male) |
| 8:27 | Build | Palisade Wall |
| 8:33 | Build | Barracks |
| 8:45 | Queue | Villager (Male) |
| 9:08 | Queue | Villager (Male) |
| 9:17 | Build | Mill |
| 9:21 | Build | House |
| 9:29 | Build | Palisade Wall |
| 9:32 | Research | Loom |
| 10:05 | Research | Feudal Age |
| 10:28 | Build | Farm |
| 10:32 | Build | Farm |
| 10:36 | Build | Farm |
| 11:05 | Build | Mining Camp |
| 11:58 | Queue | Villager (Male) |
| 12:15 | Age | Feudal Age |
| 12:22 | Research | Double-Bit Axe |
| 12:23 | Queue | Villager (Male) |
| 13:00 | Build | House |
| 13:03 | Build | House |
| 13:06 | Build | Palisade Wall |
| 13:10 | Queue | Villager (Male) |
| 13:17 | Build | Watch Tower |
| 13:21 | Queue | Villager (Male) |
| 13:47 | Build | House |
| 14:10 | Queue | Villager (Male) |
| 14:30 | Queue | Villager (Male) |
| 14:45 | Build | Market |
| 14:56 | Queue | Villager (Male) |
| 14:58 | Build | Mining Camp |
| 15:06 | Queue | Villager (Male) |
| 15:19 | Build | Stone Wall |
| 15:20 | Build | Stone Wall |
| 15:25 | Queue | Villager (Male) |
| 15:29 | Build | Palisade Wall |
| 15:32 | Queue | Villager (Male) |
| 15:39 | Build | Farm |
| 15:45 | Build | House |
| 15:46 | Build | House |
| 15:58 | Build | House |
| 16:00 | Queue | Villager (Male) |
| 16:06 | Build | Market |
| 16:19 | Build | Farm |
| 16:20 | Queue | Villager (Male) |
| 16:42 | Build | Blacksmith |
| 16:45 | Queue | Villager (Male) |
| 16:58 | Queue | Villager (Male) |
| 17:28 | Queue | Villager (Male) |
| 17:32 | Queue | Spearman |
| 17:38 | Research | Castle Age |
| 18:01 | Queue | Spearman |
| 18:10 | Queue | Spearman |
| 18:14 | Build | Stone Wall |
| 18:15 | Build | Stone Wall |
| 18:16 | Build | Stone Wall |
| 18:31 | Build | Stone Wall |
| 18:36 | Build | Stone Wall |
| 18:39 | Build | Stone Wall |
| 18:47 | Build | Farm |
| 19:01 | Queue | Spearman |
| 19:06 | Build | Farm |
| 19:07 | Build | House |
| 19:13 | Build | House |
| 19:19 | Build | Mining Camp |
| 19:40 | Build | Archery Range |
| 19:46 | Build | House |
| 19:52 | Research | Fletching |
| 19:55 | Build | Lumber Camp |
| 20:08 | Queue | Spearman |
| 20:15 | Build | House |
| 20:22 | Research | Horse Collar |
| 20:26 | Queue | Archer |
| 20:26 | Queue | Archer |
| 20:33 | Queue | Villager (Male) |
| 20:35 | Age | Castle Age |
| 20:58 | Queue | Villager (Male) |
| 21:04 | Build | Archery Range |
| 21:09 | Build | University |
| 21:14 | Build | Farm |
| 21:17 | Queue | Villager (Male) |
| 21:26 | Build | University |
| 21:33 | Queue | Villager (Male) |
| 22:02 | Build | University |
| 22:03 | Queue | Archer |
| 22:03 | Queue | Archer |
| 22:05 | Research | Crossbowman (upgrade) |
| 22:24 | Build | Farm |
| 22:27 | Build | Farm |
| 22:29 | Build | Farm |
| 22:49 | Research | Bodkin Arrow |
| 22:51 | Queue | Archer |
| 22:51 | Queue | Archer |
| 22:56 | Queue | Villager (Male) |
| 23:00 | Build | Lumber Camp |
| 23:09 | Queue | Archer |
| 23:18 | Queue | Archer |
| 23:36 | Queue | Villager (Male) |
| 23:37 | Build | House |
| 23:47 | Queue | Archer |
| 24:02 | Queue | Archer |
| 24:12 | Build | Town Center |
| 24:22 | Research | Ballistics |
| 24:24 | Build | House |
| 24:35 | Queue | Villager (Male) |
| 24:53 | Build | Town Center |
| 25:00 | Queue | Villager (Male) |
| 25:04 | Queue | Archer |
| 25:05 | Queue | Archer |
| 25:12 | Build | Stone Wall |
| 25:16 | Queue | Archer |
| 25:20 | Research | Padded Archer Armor |
| 25:27 | Queue | Archer |
| 25:28 | Queue | Villager (Male) |
| 25:34 | Queue | Archer |
| 25:53 | Queue | Villager (Male) |
| 25:54 | Queue | Archer |
| 26:01 | Research | Town Watch |
| 26:04 | Build | House |
| 26:05 | Build | House |
Match timeline
| 5:06 | 赤いドラゴン · wall_segment Palisade Wall x8 |
| 6:42 | 赤いドラゴン · wall_segment Palisade Wall x7 |
| 6:44 | 赤いドラゴン · wall_segment Palisade Wall x1 |
| 7:39 | Couch Dog · first_building Barracks |
| 8:03 | 赤いドラゴン · wall_segment Palisade Wall x7 |
| 8:27 | 赤いドラゴン · wall_segment Palisade Wall x1 |
| 8:33 | 赤いドラゴン · first_building Barracks |
| 9:27 | Couch Dog · age_up feudal |
| 9:29 | 赤いドラゴン · wall_segment Palisade Wall x8 |
| 9:31 | Couch Dog · first_building Stable |
| 10:33 | Couch Dog · wall_segment Palisade Wall x1 |
| 11:57 | Couch Dog · wall_segment Palisade Wall x1 |
| 11:58 | Couch Dog · wall_segment Palisade Wall x1 |
| 12:15 | 赤いドラゴン · age_up feudal |
| 13:06 | 赤いドラゴン · wall_segment Palisade Wall x1 |
| 15:19 | 赤いドラゴン · wall_segment Stone Wall x1 |
| 15:20 | 赤いドラゴン · wall_segment Stone Wall x1 |
| 15:29 | 赤いドラゴン · wall_segment Palisade Wall x2 |
| 18:14 | 赤いドラゴン · wall_segment Stone Wall x6 |
| 18:15 | 赤いドラゴン · wall_segment Stone Wall x1 |
| 18:16 | 赤いドラゴン · wall_segment Stone Wall x1 |
| 18:31 | 赤いドラゴン · wall_segment Stone Wall x2 |
| 18:36 | 赤いドラゴン · wall_segment Stone Wall x3 |
| 18:39 | 赤いドラゴン · wall_segment Stone Wall x2 |
| 18:47 | Couch Dog · wall_segment Palisade Wall x1 |
| 18:48 | Couch Dog · wall_segment Palisade Wall x1 |
| 19:40 | 赤いドラゴン · first_building Archery Range |
| 20:35 | 赤いドラゴン · age_up castle |
| 21:19 | Couch Dog · wall_segment Palisade Wall x1 |
| 21:20 | Couch Dog · wall_segment Palisade Wall x1 |
| 21:21 | Couch Dog · wall_segment Palisade Wall x1 |
| 22:40 | 赤いドラゴン · first_market_buy 100 food |
| 22:42 | 赤いドラゴン · first_market_sell 100 wood |
| 24:32 | Couch Dog · age_up castle |
| 24:46 | Couch Dog · first_building Castle |
| 25:12 | 赤いドラゴン · wall_segment Stone Wall x1 |
| 25:46 | Couch Dog · wall_segment Stone Wall x1 |
| 26:09 | Couch Dog · first_building Siege Workshop |
| 27:04 | 赤いドラゴン · first_building Siege Workshop |
| 28:43 | 赤いドラゴン · first_building Stable |
| 33:05 | 赤いドラゴン · wall_segment Palisade Wall x5 |
| 34:36 | 赤いドラゴン · first_building Castle |
| 35:23 | Couch Dog · first_market_buy 100 food |
| 35:45 | 赤いドラゴン · age_up imperial |
| 36:26 | Couch Dog · first_building Monastery |
| 37:46 | Couch Dog · first_market_sell 100 wood |
| 39:35 | Couch Dog · wall_segment Stone Wall x11 |
| 40:58 | Couch Dog · age_up imperial |
| 45:32 | 赤いドラゴン · wall_segment Stone Wall x6 |
| 46:12 | 赤いドラゴン · wall_segment Stone Wall x1 |
| 47:04 | 赤いドラゴン · wall_segment Stone Wall x3 |
| 48:17 | 赤いドラゴン · wall_segment Palisade Wall x1 |
| 48:21 | 赤いドラゴン · wall_segment Palisade Wall x1 |
| 49:48 | 赤いドラゴン · wall_segment Palisade Wall x1 |
| 50:38 | 赤いドラゴン · resign |
[ AI ANALYSIS · 1 CREDIT ]
What really happened in this match?
Wolo.gg analyzes every decision: build order, eco, micro, common mistakes by bracket. Personalized analysis on WhatsApp or Discord in 30 seconds.
Civ guide
Hindustanis
Perfil
Couch Dog